| TOP OF THE 1ST |
|
Auburn Doubledays batting - Pitching for Hillsboro Hops : RHP Andrew Yoder
|
|
Pitching: RHP Andrew Yoder
|
|
|
Batting: LHB Yasuo Igarashi
|
0-0: Ball 1-0: Fly out, F6 (Popup, 6, EV 80.6 MPH)
|
|
Batting: RHB Lamar Thornton
|
0-0: Ball 1-0: Ball 2-0: Swinging Strike 2-1: Foul Ball, location: 2F 2-2: Ball 3-2: Base on Balls
|
|
Batting: RHB Leo Gutierrez
|
0-0: Foul Ball, location: 2F 0-1: Ball 1-1: Fly out, F9 (Flyball, 9, EV 93.8 MPH)
|
|
Batting: RHB Bryan Wheeler
|
0-0: Ball 1-0: Ball 2-0: Foul Ball, location: 2F 2-1: Swinging Strike 2-2: Foul Ball, location: 2F 2-2: Strikes out looking
|
| Top of the 1st over - 0 runs, 0 hits, 0 errors, 1 left on base; Auburn 0 - Hillsboro 0 |
| BOTTOM OF THE 1ST |
|
Hillsboro Hops batting - Pitching for Auburn Doubledays : RHP Josh Wellman
|
|
Pitching: RHP Josh Wellman
|
|
|
Batting: RHB Yutaka Oki
|
0-0: Ball 1-0: Called Strike 1-1: Swinging Strike 1-2: Ball 2-2: Ball 3-2: Foul Ball, location: 2F 3-2: Hit by Pitch
|
|
Batting: RHB Daniel Rivera
|
0-0: Called Strike 0-1: Fly out, F6 (Line Drive, 6D, EV 70.0 MPH)
|
|
Batting: RHB Terry Jarrells
|
0-0: Foul Ball, location: 2F 0-1: Ball Wild Pitch! Yutaka Oki to second 1-1: Called Strike 1-2: Strikes out swinging
|
|
Batting: RHB Tim Borden
|
0-0: Foul Ball, location: 2F 0-1: Foul Ball, location: 2F 0-2: SINGLE (Groundball, 56D, EV 110.0 MPH) Yutaka Oki to third Runner from 3rd tries for Home, SAFE, throw by LF to home
|
|
Batting: LHB Franklin Quezada
|
0-0: SINGLE (Groundball, 34D, EV 94.4 MPH) Tim Borden to second Runner from 2nd tries for 3rd, SAFE, no throw by RF
|
|
Batting: RHB Cesar Rendon
|
0-0: Ball 1-0: Ball 2-0: Called Strike 2-1: Fielders Choice at 2nd, 6-4 (Groundball, 6, EV 103.1 MPH)
|
| Bottom of the 1st over - 1 run, 2 hits, 0 errors, 2 left on base; Auburn 0 - Hillsboro 1 |
| TOP OF THE 2ND |
|
Auburn Doubledays batting - Pitching for Hillsboro Hops : RHP Andrew Yoder
|
|
Batting: RHB Scott Skoglund
|
0-0: Foul Ball, location: 2F 0-1: Ball 1-1: Foul Ball, location: 2F 1-2: Strikes out looking
|
|
Batting: SHB Alex Medina
|
0-0: Ball 1-0: Ball 2-0: Called Strike 2-1: Ball 3-1: Fly out, F9 (Flyball, 89D, EV 98.1 MPH)
|
|
Batting: LHB Adam Jacobs
|
0-0: Called Strike 0-1: Ball 1-1: Ball 2-1: Foul Ball, location: 2F 2-2: Strikes out swinging
|
| Top of the 2nd over - 0 runs, 0 hits, 0 errors, 0 left on base; Auburn 0 - Hillsboro 1 |
| BOTTOM OF THE 2ND |
|
Hillsboro Hops batting - Pitching for Auburn Doubledays : RHP Josh Wellman
|
|
Batting: RHB Jonathan Underhill
|
0-0: Called Strike 0-1: Foul Ball, location: 2F 0-2: Ball 1-2: Foul Ball, location: 2F 1-2: Ball 2-2: Ball 3-2: Ground out 5-3 (Groundball, 56S, EV 81.9 MPH)
|
|
Batting: RHB John Ricketts
|
0-0: Ground out 5-3 (Groundball, 56, EV 93.1 MPH)
|
|
Batting: RHB Ryuki Ogasawara
|
0-0: Ball 1-0: Ball 2-0: DOUBLE (Line Drive, 89D, EV 97.5 MPH)
|
|
Batting: RHB Yutaka Oki
|
0-0: SINGLE (Groundball, 34D, EV 99.4 MPH) Ryuki Ogasawara to third Runner from 3rd tries for Home, SAFE, throw by RF to home
|
|
Batting: RHB Daniel Rivera
|
0-0: Ball Yutaka Oki steals 2nd base (no throw) 1-0: Swinging Strike 1-1: Foul Ball, location: 2F 1-2: Ground out 5-3 (Groundball, 56S, EV 88.8 MPH)
|
| Bottom of the 2nd over - 1 run, 2 hits, 0 errors, 1 left on base; Auburn 0 - Hillsboro 2 |
| TOP OF THE 3RD |
|
Auburn Doubledays batting - Pitching for Hillsboro Hops : RHP Andrew Yoder
|
|
Batting: LHB Adam Lancaster
|
0-0: Ground out U3 (Groundball, 3, EV 94.4 MPH)
|
|
Batting: RHB Jessie Fisher
|
0-0: Ball 1-0: Foul Ball, location: 2F 1-1: Called Strike 1-2: Strikes out looking
|
|
Batting: LHB Yasuo Igarashi
|
0-0: Ball 1-0: Ball 2-0: Swinging Strike 2-1: Ball 3-1: Base on Balls
|
|
Batting: RHB Lamar Thornton
|
0-0: Called Strike 0-1: Fly out, F8 (Flyball, 8RD, EV 83.8 MPH)
|
| Top of the 3rd over - 0 runs, 0 hits, 0 errors, 1 left on base; Auburn 0 - Hillsboro 2 |
| BOTTOM OF THE 3RD |
|
Hillsboro Hops batting - Pitching for Auburn Doubledays : RHP Josh Wellman
|
|
Batting: RHB Terry Jarrells
|
0-0: Called Strike 0-1: Swinging Strike 0-2: Strikes out swinging
|
|
Batting: RHB Tim Borden
|
0-0: Called Strike 0-1: Foul Ball, location: 2F 0-2: Ball 1-2: Foul Ball, location: 2F 1-2: Foul Ball, location: 2F 1-2: Ball 2-2: Ball 3-2: Ground out 5-3 (Groundball, 5, EV 89.4 MPH)
|
|
Batting: LHB Franklin Quezada
|
0-0: Ball 1-0: Ball 2-0: Called Strike 2-1: Ground out 4-3 (Groundball, 4, EV 105.0 MPH)
|
| Bottom of the 3rd over - 0 runs, 0 hits, 0 errors, 0 left on base; Auburn 0 - Hillsboro 2 |
| TOP OF THE 4TH |
|
Auburn Doubledays batting - Pitching for Hillsboro Hops : RHP Andrew Yoder
|
|
Batting: RHB Leo Gutierrez
|
0-0: Called Strike 0-1: Foul Ball, location: 2F 0-2: Fly out, F3 (Popup, 3S, EV 86.2 MPH)
|
|
Batting: RHB Bryan Wheeler
|
0-0: Foul Ball, location: 2F 0-1: Ground out U3 (Groundball, 34S, EV 88.1 MPH)
|
|
Batting: RHB Scott Skoglund
|
0-0: Ball 1-0: Called Strike 1-1: Called Strike 1-2: Strikes out swinging, 2-3 out at first.
|
| Top of the 4th over - 0 runs, 0 hits, 0 errors, 0 left on base; Auburn 0 - Hillsboro 2 |
| BOTTOM OF THE 4TH |
|
Hillsboro Hops batting - Pitching for Auburn Doubledays : RHP Josh Wellman
|
|
Batting: RHB Cesar Rendon
|
0-0: Swinging Strike 0-1: Fly out, F8 (Flyball, 89M, EV 83.1 MPH)
|
|
Batting: RHB Jonathan Underhill
|
0-0: Ball 1-0: Called Strike 1-1: Ball 2-1: Ball 3-1: Foul Ball, location: 2F 3-2: DOUBLE (Line Drive, 5D, EV 100.0 MPH)
|
|
Batting: RHB John Ricketts
|
0-0: Ground out 6-3 (Groundball, 6, EV 83.8 MPH)
|
|
Batting: RHB Ryuki Ogasawara
|
0-0: Called Strike 0-1: Ball 1-1: Foul Ball, location: 2F 1-2: Strikes out looking
|
| Bottom of the 4th over - 0 runs, 1 hit, 0 errors, 1 left on base; Auburn 0 - Hillsboro 2 |
| TOP OF THE 5TH |
|
Auburn Doubledays batting - Pitching for Hillsboro Hops : RHP Andrew Yoder
|
|
Batting: SHB Alex Medina
|
0-0: Ball 1-0: Foul Ball, location: 2F 1-1: DOUBLE (Flyball, 8LD, EV 91.9 MPH)
|
|
Batting: LHB Adam Jacobs
|
0-0: Ground out 4-3 (Groundball, 4, EV 90.0 MPH) Alex Medina to third
|
|
Batting: LHB Adam Lancaster
|
0-0: Called Strike 0-1: Ball 1-1: Ball 2-1: Reached on error, E4 (Groundball, 4, EV 88.1 MPH) Alex Medina scores
|
|
Batting: RHB Jessie Fisher
|
0-0: Ball Wild Pitch! Adam Lancaster to second 1-0: Swinging Strike 1-1: Swinging Strike 1-2: Strikes out looking
|
|
Batting: LHB Yasuo Igarashi
|
0-0: Ball 1-0: Foul Ball, location: 2F 1-1: Swinging Strike 1-2: Hit by Pitch
|
|
Batting: RHB Lamar Thornton
|
0-0: Ground out 5-3 (Groundball, 25, EV 91.2 MPH)
|
| Top of the 5th over - 1 run, 1 hit, 1 error, 2 left on base; Auburn 1 - Hillsboro 2 |
| BOTTOM OF THE 5TH |
|
Hillsboro Hops batting - Pitching for Auburn Doubledays : RHP Josh Wellman
|
|
Batting: RHB Yutaka Oki
|
0-0: Fly out, F8 (Line Drive, 8RD, EV 85.6 MPH)
|
|
Batting: RHB Daniel Rivera
|
0-0: Called Strike 0-1: Swinging Strike 0-2: Ball 1-2: Ball 2-2: Hit by Pitch
|
|
Batting: RHB Terry Jarrells
|
0-0: Ball 1-0: Called Strike 1-1: Fielders Choice at 2nd, 5-4 (Groundball, 56, EV 105.0 MPH)
|
|
Batting: RHB Tim Borden
|
0-0: Ball 1-0: Ball 2-0: Called Strike 2-1: Ball 3-1: Called Strike 3-2: Fly out, F7 (Flyball, 7S, EV 88.1 MPH)
|
| Bottom of the 5th over - 0 runs, 0 hits, 0 errors, 1 left on base; Auburn 1 - Hillsboro 2 |
| TOP OF THE 6TH |
|
Auburn Doubledays batting - Pitching for Hillsboro Hops : RHP Andrew Yoder
|
|
Batting: RHB Leo Gutierrez
|
0-0: Ball 1-0: Foul Ball, location: 2F 1-1: Ball 2-1: Foul Ball, location: 2F 2-2: Foul Ball, location: 2F 2-2: DOUBLE (Line Drive, 8RXD, EV 97.5 MPH)
|
|
Batting: RHB Bryan Wheeler
|
0-0: DOUBLE (Line Drive, 9LM, EV 112.5 MPH) Leo Gutierrez scores
|
|
Batting: RHB Scott Skoglund
|
0-0: Ball 1-0: Called Strike 1-1: Swinging Strike 1-2: Strikes out swinging
|
|
Batting: SHB Alex Medina
|
0-0: Called Strike 0-1: Called Strike 0-2: Foul Ball, location: 2F 0-2: Ball 1-2: Foul Ball, location: 2F 1-2: Fly out, F7 (Line Drive, 7, EV 100.0 MPH)
|
|
Batting: LHB Adam Jacobs
|
0-0: Ball 1-0: Ball 2-0: Swinging Strike 2-1: Called Strike 2-2: Strikes out swinging
|
| Top of the 6th over - 1 run, 2 hits, 0 errors, 1 left on base; Auburn 2 - Hillsboro 2 |
| BOTTOM OF THE 6TH |
|
Hillsboro Hops batting - Pitching for Auburn Doubledays : RHP Josh Wellman
|
|
Pitching: RHP Steve Barnes
|
|
|
Batting: LHB Franklin Quezada
|
0-0: Foul Ball, location: 2F 0-1: Ball 1-1: Ball 2-1: Ball 3-1: Base on Balls
|
|
Batting: RHB Cesar Rendon
|
0-0: Ball 1-0: Fly out, F8 (Flyball, 78S, EV 75.0 MPH)
|
|
Batting: RHB Jonathan Underhill
|
0-0: Ball Franklin Quezada steals 2nd base 1-0: Ball 2-0: Ball 3-0: Called Strike 3-1: Fly out, F5 (Popup, 5S, EV 86.9 MPH)
|
|
Batting: RHB John Ricketts
|
0-0: Ball 1-0: Called Strike 1-1: Ball 2-1: Foul Ball, location: 2F 2-2: Strikes out swinging
|
| Bottom of the 6th over - 0 runs, 0 hits, 0 errors, 1 left on base; Auburn 2 - Hillsboro 2 |
| TOP OF THE 7TH |
|
Auburn Doubledays batting - Pitching for Hillsboro Hops : RHP Andrew Yoder
|
|
Batting: LHB Adam Lancaster
|
0-0: Called Strike 0-1: Foul Ball, location: 2F 0-2: Foul Ball, location: 2F 0-2: Ball 1-2: Ball 2-2: Ball 3-2: Strikes out swinging
|
|
Batting: RHB Jessie Fisher
|
0-0: Called Strike 0-1: Swinging Strike 0-2: Strikes out swinging
|
|
Batting: LHB Yasuo Igarashi
|
0-0: Called Strike 0-1: Ball 1-1: Swinging Strike 1-2: Foul Ball, location: 2F 1-2: Foul Ball, location: 2F 1-2: Foul Ball, location: 2F 1-2: Strikes out looking
|
| Top of the 7th over - 0 runs, 0 hits, 0 errors, 0 left on base; Auburn 2 - Hillsboro 2 |
| BOTTOM OF THE 7TH |
|
Hillsboro Hops batting - Pitching for Auburn Doubledays : RHP Steve Barnes
|
|
Batting: RHB Ryuki Ogasawara
|
0-0: Called Strike 0-1: Ground out 1-3 (Groundball, 34S, EV 68.1 MPH)
|
|
Batting: RHB Yutaka Oki
|
0-0: Ball 1-0: Ball 2-0: Ball 3-0: Called Strike 3-1: Base on Balls
|
|
Pitching: RHP Tim Schultz
|
|
|
Batting: RHB Daniel Rivera
|
0-0: Ball Yutaka Oki steals 2nd, throwing error, E2 Yutaka Oki to third 1-0: Called Strike 1-1: Foul Ball, location: 2F 1-2: Foul Ball, location: 2F 1-2: Ground out 6-3 (Groundball, 56, EV 89.4 MPH)
|
|
Batting: RHB Terry Jarrells
|
0-0: Swinging Strike 0-1: Ball 1-1: Ball 2-1: Swinging Strike 2-2: Strikes out swinging, 2-3 out at first.
|
| Bottom of the 7th over - 0 runs, 0 hits, 1 error, 1 left on base; Auburn 2 - Hillsboro 2 |
| TOP OF THE 8TH |
|
Auburn Doubledays batting - Pitching for Hillsboro Hops : RHP Andrew Yoder
|
|
Pitching: RHP Nick Garland
|
|
|
Batting: RHB Lamar Thornton
|
0-0: Called Strike 0-1: Ball 1-1: Ground out 6-3 (Groundball, 6, EV 90.0 MPH)
|
|
Batting: RHB Leo Gutierrez
|
0-0: Ball 1-0: Called Strike 1-1: Called Strike 1-2: Foul Ball, location: 2F 1-2: Ground out U3 (Groundball, 34, EV 105.0 MPH)
|
|
Batting: RHB Bryan Wheeler
|
0-0: Called Strike 0-1: Ball 1-1: Foul Ball, location: 2F 1-2: Strikes out swinging
|
| Top of the 8th over - 0 runs, 0 hits, 0 errors, 0 left on base; Auburn 2 - Hillsboro 2 |
| BOTTOM OF THE 8TH |
|
Hillsboro Hops batting - Pitching for Auburn Doubledays : RHP Tim Schultz
|
|
Batting: RHB Tim Borden
|
0-0: Ball 1-0: Swinging Strike 1-1: Swinging Strike 1-2: Ball 2-2: Foul Ball, location: 2F 2-2: Strikes out swinging
|
|
Batting: LHB Franklin Quezada
|
0-0: Ball 1-0: Foul Ball, location: 2F 1-1: Foul Ball, location: 2F 1-2: Strikes out swinging
|
|
Pinch Hitting: LHB Josh Thomas
|
0-0: Foul Ball, location: 2F 0-1: Foul Ball, location: 2F 0-2: Ball 1-2: Foul Ball, location: 2F 1-2: Strikes out swinging, 2-3 out at first.
|
| Bottom of the 8th over - 0 runs, 0 hits, 0 errors, 0 left on base; Auburn 2 - Hillsboro 2 |
| TOP OF THE 9TH |
|
Auburn Doubledays batting - Pitching for Hillsboro Hops : RHP Nick Garland
|
|
Pitching: RHP John Meyer
|
|
|
Now in LF: Chris McGrath
|
|
|
Now in CF: Yutaka Oki
|
|
|
Pinch Hitting: LHB Vince McLane
|
0-0: DOUBLE (Flyball, 89D, EV 93.1 MPH)
|
|
Batting: SHB Alex Medina
|
0-0: Called Strike 0-1: Fly out, F7 (Line Drive, 7S, EV 95.0 MPH)
|
|
Batting: LHB Adam Jacobs
|
0-0: Called Strike 0-1: Ball 1-1: Ball Vince McLane steals 3rd base 2-1: Foul Ball, location: 2F 2-2: Strikes out looking
|
|
Batting: LHB Adam Lancaster
|
0-0: Intentional Walk
|
|
Batting: RHB Jessie Fisher
|
0-0: Ball 1-0: Ball Passed Ball! Vince McLane scores Adam Lancaster to second 2-0: Foul Ball, location: 2F 2-1: Ball 3-1: Foul Ball, location: 2F 3-2: Ground out 5-3 (Groundball, 5S, EV 83.1 MPH)
|
| Top of the 9th over - 1 run, 1 hit, 0 errors, 1 left on base; Auburn 3 - Hillsboro 2 |
| BOTTOM OF THE 9TH |
|
Hillsboro Hops batting - Pitching for Auburn Doubledays : RHP Tim Schultz
|
|
Pitching: RHP Oswaldo Vasquez
|
|
|
Now in LF: Leo Gutierrez
|
|
|
Now in CF: Travis Stanley
|
|
|
Batting: RHB Jonathan Underhill
|
0-0: Ball 1-0: Swinging Strike 1-1: Called Strike 1-2: Ground out 6-3 (Groundball, 6, EV 99.4 MPH)
|
|
Pinch Hitting: SHB Morgan Batson
|
0-0: Called Strike 0-1: Foul Ball, location: 2F 0-2: Strikes out looking
|
|
Pinch Hitting: RHB Danny Loyola
|
0-0: Ball 1-0: Fly out, F8 (Flyball, 8LD, EV 104.4 MPH)
|
| Bottom of the 9th over - 0 runs, 0 hits, 0 errors, 0 left on base; Auburn 3 - Hillsboro 2 |
|